 Dungeon Crawl Stone Soup version 0.26-a0-665-gefeb406119 (webtiles) character file.

Game seed: 9105541149275114832

121 somkeydreadnuts the Skirmisher (level 4, 0/37 HPs)
             Began as a Demonspawn Berserker on Oct 15, 2020.
             Was a Believer of Trog.
             Slain by a river rat (4 damage)
             ... in a sewer.
             The game lasted 00:06:04 (2870 turns).

somkeydreadnuts the Skirmisher (DsBe)               Turns: 2870, Time: 00:06:04

Health: 0/37       AC:  2    Str: 18    XL:     4   Next: 77%
Magic:  4/4        EV: 12    Int:  8    God:    Trog [**....]
Gold:   119        SH:  0    Dex: 13    Spells: 3/3 levels left

rFire    . . .     SeeInvis .   a - +0 hand axe
rCold    . . .     Faith    .   (no shield)
rNeg     . . .     Spirit   .   b - +0 animal skin
rPois    .         Reflect  .   (no helmet)
rElec    .         Harm     .   (no cloak)
rCorr    .         Rampage  .   (no gloves)
MR       ++...                  (no boots)
Stlth    ++........             (no amulet)
HPRegen  1.12/turn              (no ring)
MPRegen  0.09/turn              (no ring)

@: berserk cooldown, regenerating
A: claws 1
a: Berserk, Trog's Hand, Renounce Religion


You were in a sewer.
You worshipped Trog.
Trog was pleased with you.
You visited 1 branch of the dungeon, and saw 3 of its levels.
You also visited: Sewer.

You collected 119 gold pieces.

Inventory:

Hand Weapons
 a - a +0 hand axe (weapon)
Armour
 b - a +0 animal skin (worn)
Scrolls
 c - a scroll of amnesia {unknown}
 e - 3 scrolls of blinking {unknown}
 f - a scroll of enchant weapon {unknown}
 i - a scroll of magic mapping {unknown}
 j - a scroll of teleportation {unknown}
 k - a scroll of remove curse {unknown}
 m - a scroll of identify {unknown}
Potions
 d - 2 potions of heal wounds {unknown}
 g - 2 potions of curing {unknown}
 h - 3 potions of flight {unknown}
 l - a potion of lignification {unknown}


   Skills:
 + Level 4.0 Fighting
 + Level 3.8 Axes
 + Level 2.0 Armour
 + Level 2.2 Dodging
 + Level 1.0 Stealth


You had 3 spell levels left.
You didn't know any spells.
Your spell library was empty.

Dungeon Overview and Level Annotations

Branches:
Dungeon (3/15)              Sewer (1/1)

Altars:


Innate Abilities, Weirdness & Mutations

You have sharp fingernails.


Message History

You hit the rat but do no damage. You barely miss the river rat.
The rat misses you. The river rat barely misses you.
You closely miss the river rat. You closely miss the rat.
The rat barely misses you. The river rat bites you.
* * * LOW HITPOINT WARNING * * *
You hit the river rat but do no damage. You hit the rat.
You kill the rat!
Trog accepts your kill. The river rat barely misses you.
You hit the river rat but do no damage. The river rat bites you.
* * * LOW HITPOINT WARNING * * *
The river rat closely misses you.
You closely miss the river rat. The river rat barely misses you.
You hit the river rat but do no damage. The river rat bites you.
* * * LOW HITPOINT WARNING * * *
You barely miss the river rat. The river rat bites you.
* * * LOW HITPOINT WARNING * * *
You barely miss the river rat. The river rat closely misses you.
You closely miss the river rat. The river rat bites you.
You die...

#.......≈≈≈≈≈
#..†....≈≈≈≈≈... .##
##..†....≈≈≈≈.. ..#
#.......≈≈≈..# ..##
##.†....≈≈≈..## ...#
###.......≈≈...##...#
∩###......≈≈.......#
.###......≈≈....r.#
..#.......≈†....@.#
#.........†≈....††#
##......†.≈≈......#
##.......≈≈.......#
##......≈≈≈.......#
#......≈≈≈≈....#...#
#......≈≈≈≈≈..###..#
#..#....≈≈≈≈≈..# ..#
#.###...≈≈≈≈≈....


You could see a river rat.

Vanquished Creatures
  Jessica (D:2)
  3 adders
  A river rat (Sewer)
  2 oozes
  A worm (D:2)
  A dart slug (D:1)
  A leopard gecko (D:1)
  3 ball pythons
  2 bats
  A giant cockroach (D:3)
  2 goblins (D:2)
  2 hobgoblins (D:1)
  A quokka (D:2)
  3 frilled lizards (D:2)
  12 kobolds
  18 rats
54 creatures vanquished.

Notes
Turn   | Place    | Note
-------+----------+-------------------------------------------
     0 | D:1      | somkeydreadnuts the Demonspawn Berserker began the quest
                  | for the Orb.
     0 | D:1      | Reached XP level 1. HP: 18/18 MP: 1/1
   658 | D:1      | Gained mutation: You have sharp fingernails. [demonic
                  | ancestry]
   658 | D:1      | Reached XP level 2. HP: 19/24 MP: 2/2
  1834 | D:2      | Reached XP level 3. HP: 26/29 MP: 3/3
  1994 | D:2      | Noticed Jessica
  2009 | D:2      | Killed Jessica
  2009 | D:2      | Reached ** piety under Trog
  2605 | D:3      | Found a glowing drain.
  2623 | D:3      | Reached XP level 4. HP: 19/37 MP: 4/4
  2647 | Sewer    | Entered a sewer
  2830 | Sewer    | Reached skill level 4 in Fighting
  2830 | Sewer    | Reached skill level 1 in Stealth
  2868 | Sewer    | HP: 1/37 [river rat (5)]
  2870 | Sewer    | Slain by a river rat

Illustrated notes

Levels and vault maps discovered:
D:1:      giann_bridges, layout_basic
D:2:      layout_basic, uniq_jessica
D:3:      layout_loops_ring, gup_sewer_entry_glass, minmay_box_of_dots
Sewer:    sewer_minmay_treatment

Skill      XL: |  1  2  3  4 |
---------------+-------------+-----
Armour         | 2 |  2.0
Axes           | 3 |  3.8
Dodging        | 2 |  2.2
Fighting       | 4 |  4.0
Stealth        | 1 |  1.0

Action                   |  1- 3 |  4- 6 || total
-------------------------+-------+-------++-------
Melee: Hand axe          |    99 |    69 ||   168
Invok: Berserk           |     2 |     1 ||     3
       Trog's Hand       |       |     2 ||     2
  Use: Potion            |       |     1 ||     1
Armor: Animal skin       |    12 |    19 ||    31
Dodge: Dodged            |    72 |    56 ||   128

Table legend: (Time is in decaauts)
 A = Elapsed time spent in this place.
 B = Non-inter-level travel time spent in this place.
 C = Inter-level travel time spent in this place.
 D = Time resting spent in this place.
 E = Time spent auto-exploring this place.
 F = Levels seen in this place.
 G = Mean time per level.
                   A        B        C        D        E       F      G
               +--------+--------+--------+--------+--------+-----+--------+
         Total |   2921 |   2921 |      0 |      0 |   2250 |   4 |  730.2 |
       Dungeon |   2678 |   2678 |      0 |      0 |   2249 |   3 |  892.7 |
         Sewer |    243 |    243 |      0 |      0 |      1 |   1 |  243.0 |
               +--------+--------+--------+--------+--------+-----+--------+

Top non-repeatable levels by time:
     D:1: 1548 daAuts
     D:2: 1058 daAuts
   Sewer: 243 daAuts
     D:3: 71 daAuts
